 Dungeon Crawl Stone Soup version 0.31-a0-986-g5e6e4ef867 (webtiles) character file.

Game seed: 11196802585561833361

38864 jasper the Martial Artist (level 14, -2/126 (129) HPs)
             Began as a Meteoran Shapeshifter on Nov 10, 2023.
             Was an Elder of Ru.
             Slain by a death yak (12 damage)
             ... on level 5 of the Lair of Beasts.
             The game lasted 00:22:16 (7025 turns).

jasper the Martial Artist (Meteoran Shapeshifter)   Turns: 7025, Time: 00:22:17

HP:   -2/126 (129)  AC: 21    Str: 15    XL:     14   Next: 75%
MP:   1/15          EV: 14    Int: 10    God:    Ru [****..]
Gold: 769           SH:  0    Dex: 24    Spells: 13/13 levels left

rFire   + .          .
                       - Unarmed
rCold   . . .        (shield currently unavailable)
rNeg    . . .        r - +4 chain mail
rPois   .            k - +0 helmet
rElec   .            (no cloak)
rCorr   .            V - +2 pair of gloves {infuse}
SInv    .            f - +0 pair of boots
Will    +....        y - amulet of regeneration Stlth
                     R - ring "Tenose" {rF+ Dex+4}
HPRegen 1.21/turn    J - +4 ring of protection
MPRegen 0.14/turn

%: infuse magic (1 MP)
@: flux-form, glowing, lightly drained
A: glow, contaminating, dopey 1, sense surroundings 2, no stealth, inability to
use devices, inability to train armour, otherworldly, glowing, explore regen
a: Begin Untransformation, Renounce Religion, Draw Out Power, Power Leap


You were on level 5 of the Lair of Beasts.
You worshipped Ru.
Ru was greatly pleased with you.
You were something dangerously unstable.
You visited 2 branches of the dungeon, and saw 15 of its levels.
You also visited: Ossuary and Gauntlet.

You collected 769 gold pieces.

Inventory:

Missiles
 n - 26 poisoned darts (quivered)
 u - 8 curare-tipped darts
 S - 7 silver javelins
Armour
 f - a +0 pair of boots (worn)
 k - a +0 helmet (worn)
 r - a +4 chain mail (worn)
 T - a +2 pair of gloves of hurling
 U - the +3 kite shield of the Quahog {rN++}
   (You found it in a Gauntlet)

   rN++:      It greatly protects you from negative energy.
 V - a +2 pair of gloves of infusion (worn)
Jewellery
 g - a +6 ring of intelligence
 v - a ring of fire
 y - an amulet of regeneration (around neck)
 J - a +4 ring of protection (right hand)
 R - the ring "Tenose" (left hand) {rF+ Dex+4}
   (You found it in a Gauntlet)

   [ring of protection from fire]

   Dex+4:     It affects your dexterity (+4).
   rF+:       It protects you from fire.
Talismans
 c - a beast talisman
 d - a flux talisman (active)
 C - a serpent talisman
Wands
 m - a wand of quicksilver (4)
 A - a wand of charming (7)
Scrolls
 a - 2 scrolls of identify
 b - 2 scrolls of noise
 l - a scroll of amnesia
 p - 4 scrolls of teleportation
 s - 3 scrolls of revelation
 K - 2 scrolls of fog
 P - a scroll of brand weapon
Potions
 e - 3 potions of might
 h - 2 potions of invisibility
 i - a potion of brilliance
 t - 3 potions of enlightenment
 w - a potion of berserk rage
 x - 2 potions of degeneration
 z - 2 potions of mutation {unknown}
 D - a potion of heal wounds {unknown}
 E - a potion of magic {unknown}
 F - a potion of resistance {unknown}
 G - 2 potions of ambrosia {unknown}
 I - 4 potions of lignification
 N - a potion of experience {unknown}
 O - 2 potions of haste {unknown}
Miscellaneous
 H - a sack of spiders


   Skills:
 + Level 13.1 Fighting
 + Level 13.3 Dodging
 + Level 14.7 Unarmed Combat
 + Level 13.6 Shapeshifting


You had 13 spell levels left.
You didn't know any spells.
Your spell library contained the following spells:

 Spells                   Type           Power      Damage    Failure   Level
 Kiss of Death            Conj/Necr      0%         2d5       99%         1
 Sting                    Tmut/Pois      0%         1d3       99%         1
 Cigotuvi's Dreadful Rot  Necr/Pois/Air  0%         N/A       100%        2
 Poisonous Vapours        Pois/Air       0%         N/A       100%        2
 Sublimation of Blood     Necr           0%         N/A       100%        2
 Confusing Touch          Hex            0%         N/A       100%        3
 Gell's Gravitas          Tloc           0%         N/A       100%        3
 Ignite Poison            Fire/Tmut/Pois 0%         N/A       100%        3
 Inner Flame              Hex/Fire       0%         N/A       100%        3
 Stone Arrow              Conj/Erth      0%         3d7       100%        3
 Teleport Other           Tloc           0%         N/A       100%        3
 Vampiric Draining        Necr           0%         2d6       100%        3
 Dispel Undead            Necr           0%         3d6       100%        4
 Flame Wave               Conj/Fire      0%         2d4       100%        4
 Olgreb's Toxic Radiance  Pois           0%         N/A       100%        4
 Sticky Flame             Conj/Fire      0%         2d3       100%        4
 Vhi's Electric Charge    Tloc/Air       0%         N/A       100%        4
 Arcjolt                  Conj/Air       0%         1d10      100%        5
 Freezing Cloud           Conj/Ice/Air   0%         6-21      100%        5
 Dispersal                Tloc           0%         N/A       100%        6
 Plasma Beam              Fire/Air       0%         2x1d10    100%        6
 Simulacrum               Ice/Necr       0%         N/A       100%        6
 Death's Door             Necr           0%         N/A       100%        9


Dungeon Overview and Level Annotations

Branches:
Dungeon (10/15) Zot: 1654  Temple (0/1) D:7            Lair (5/5) D:10 Zot: 897
  Swamp (0/4) Lair:2        Snake (0/4) Lair:2        Slime (0/5) Lair:5
Ossuary (visited)         Gauntlet (visited)
    Orc: D:9-12

Altars:
Dithmenos
Elyvilon
Fedhas
Hepliaklqana
Ru
Sif Muna
Trog
Xom
Jiyva

Shops:
D:2 [   D:4 :

Annotations:
D:8 2 runed translucent doors


Innate Abilities, Weirdness & Mutations

You are something dangerously unstable.
You glow with magical radiation, making you easy to see and hit.
Foes you strike become dangerously contaminated with magical radiation.
You are incapable of wielding weapons or throwing items.
You are dopey. (Int -2)
You passively map the area around you.
You cannot be stealthy.
You cannot study or use magical devices.
You cannot train Armour skill.
You are easily found by Zot.
You glow in the dark.
You regain HP and MP as you explore.


Message History

* * * LOW HITPOINT WARNING * * *
You take 13 damage, and have 33/126 hp.
You now have 0/15 mp.
You hit the death yak.
The death yak glows dangerously bright.
The death yak is almost dead.
The death yak gores you!
* * * LOW HITPOINT WARNING * * *
You redirect the death yak's attack!
The death yak gores itself!
The death yak gores you!
* * * LOW HITPOINT WARNING * * *
You take 20 damage, and have 13/126 hp.
As you read the scroll of fear, it crumbles to dust.
You assume a fearsome visage.
The death yak resists with almost no effort.
The death yak looks frightened!
The death yak easily resists.
The death yak resists with almost no effort.
The death yak gores you!
* * * LOW HITPOINT WARNING * * *
The death yak misses you. The death yak barely misses you.
You take 8 damage, and have 5/126 hp.
You feel better. The death yak barely misses you. The death yak misses you.
The death yak gores you!
* * * LOW HITPOINT WARNING * * *
You regained 3 hp, and now have 8/126 hp.
You feel better. The death yak gores you.
* * * LOW HITPOINT WARNING * * *
The death yak gores you.
* * * LOW HITPOINT WARNING * * *
The death yak misses you.
You take 1 damage, and have 7/126 hp.
As you read the scroll of fear, it crumbles to dust.
You assume a fearsome visage.
The death yak looks frightened! x2
The death yak resists with almost no effort.
You feel less exhausted.
The death yak seems to regain its courage.
The death yak is stunned by your conviction and fails to attack.
You regained 2 hp, and now have 9/126 hp.
As you read the scroll of fear, it crumbles to dust.
You assume a fearsome visage.
The death yak looks frightened!
The death yak resists with some effort.
The death yak gores you!
You die...

#.†.#.÷..., #..#
#...##.8.. , #...
#....#...8 8 ##...
##...### ,, , * #....
#....P##### ** ##...÷
##♣Y.....Y#### #.....
#...÷......P*#.......
###.Y.....P. ........
##p...Y..####......
###..P.###..##.....
#.######.....###...
#..............##..
##...............##.
#...###..#.#......#.
#..####..####.......
#...P.P.............
#....P.P............


You could see 4 death yaks.

Vanquished Creatures
  A minotaur (Gauntlet)
  Josephine (Lair:5)
  3 catoblepae
  3 hydras
  3 two-headed ogres (D:9)
  5 death yaks (Lair:5)
  Sonja (D:10)
  3 sixfirhies (Gauntlet)
  9 elephants
  3 black mambas
  Joseph (Lair:1)
  9 cane toads
  3 gargoyles
  A torpor snail (Lair:5)
  8 komodo dragons
  2 rime drakes (Lair:5)
  2 unseen horrors (D:10)
  2 polar bears (Lair:5)
  A troll (D:10)
  9 blink frogs
  4 dream sheep (Lair:1)
  5 wraiths (Lair:5)
  41 yaks
  2 shadows
  5 wyverns
  2 chaos spawn (Gauntlet)
  A neqoxec (Gauntlet)
  3 steam dragons
  3 basilisks
  An acid dragon (D:8)
  12 water moccasins
  An ice beast (D:8)
  An orc warrior (D:9)
  A sky beast (D:7)
  5 black bears
  5 ogres
  11 wolves
  2 phantoms (D:6)
  2 centaurs
  An elf zombie (Ossuary)
  A kobold brigand (D:8)
  4 bullfrogs
  2 howler monkeys (D:7)
  2 hounds (D:4)
  3 orc priests (D:9)
  2 iguanas
  8 orc wizards
  3 mummies (Ossuary)
  4 gnolls (D:4)
  7 adders
  2 shadow imps
  4 adder zombies (Ossuary)
  A worm (D:2)
  A dart slug (D:4)
  17 orcs
  2 endoplasms
  5 goblins
  4 hobgoblins
  A quokka (D:4)
  2 ball pythons
  A bat (D:3)
  3 goblin zombies (Ossuary)
  A hobgoblin zombie (Ossuary)
  5 kobolds
  4 kobold zombies (Ossuary)
  An orc zombie (Ossuary)
  2 quokka zombies (Ossuary)
  4 rats
  2 rat zombies (Ossuary)
276 creatures vanquished.

Vanquished Creatures (collateral kills)
  An ice beast (D:8)
  An orc wizard (D:9)
  An orc (D:8)
3 creatures vanquished.

Vanquished Creatures (others)
  A sixfirhy (Gauntlet)
  A hornet (D:8)
  2 orcs (D:10)
4 creatures vanquished.

Grand Total: 283 creatures vanquished

Notes
Turn   | Place    | Note
-------+----------+-------------------------------------------
     0 | D:1      | jasper the Meteoran Shapeshifter began the quest for the
                  | Orb.
     0 | D:1      | Reached XP level 1. HP: 16/16 MP: 2/2
    11 | D:2      | Found Koicwull's Armour Shop.
    36 | D:2      | Reached XP level 2. HP: 23/23 MP: 3/3
   389 | D:3      | Found a sacrificial altar of Ru.
   441 | D:3      | Reached XP level 3. HP: 21/28 MP: 4/4
   456 | D:3      | Found a blossoming altar of Fedhas.
   533 | D:3      | Became a worshipper of Ru the Awakened
   564 | D:3      | Found a white marble altar of Elyvilon.
   573 | D:4      | Found Enial's Book Shop.
   605 | D:4      | Reached skill level 4 in Unarmed Combat
   647 | D:4      | Reached XP level 4. HP: 36/36 MP: 5/5
   732 | D:4      | Reached XP level 5. HP: 32/41 MP: 6/6
   748 | D:4      | Noticed a wyvern
   758 | D:4      | Killed a wyvern
   759 | D:4      | Reached skill level 5 in Unarmed Combat
   759 | D:4      | Reached XP level 6. HP: 8/51 MP: 7/7
   896 | D:4      | Noticed a water moccasin
   901 | D:4      | Killed a water moccasin
   902 | D:4      | Reached skill level 5 in Shapeshifting
   902 | D:4      | Reached XP level 7. HP: 56/57 MP: 8/8
  1067 | D:4      | Found a hazy altar of Hepliaklqana.
  1353 | D:5      | Entered Level 5 of the Dungeon
  1376 | D:5      | Reached XP level 8. HP: 66/66 MP: 9/9
  1386 | D:5      | Reached skill level 6 in Unarmed Combat
  1403 | D:5      | Found a bloodstained altar of Trog.
  1420 | D:5      | Reached skill level 5 in Dodging
  1465 | D:5      | Gained mutation: You are dopey. (Int -2) [Ru sacrifice]
  1870 | D:6      | Reached skill level 5 in Fighting
  2032 | D:6      | Gained mutation: You passively map the area around you.
                  | [Meteoran growth]
  2032 | D:6      | Reached XP level 9. HP: 74/74 MP: 10/10
  2045 | D:6      | Reached skill level 7 in Unarmed Combat
  2169 | D:6      | Found a shadowy altar of Dithmenos.
  2182 | D:6      | Found a shimmering blue altar of Sif Muna.
  2188 | D:6      | Found a sand-covered staircase.
  2198 | Ossuary  | Entered an ossuary
  2426 | D:6      | Found a shimmering altar of Xom.
  2727 | D:7      | Gained mutation: You cannot train Armour skill. [Ru
                  | sacrifice]
  2727 | D:7      | Reached * piety under Ru
  2877 | D:7      | Found a staircase to the Ecumenical Temple.
  3052 | D:7      | Reached skill level 8 in Unarmed Combat
  3095 | D:8      | Noticed a hornet
  3128 | D:8      | Reached XP level 10. HP: 82/84 MP: 11/11
  3276 | D:8      | Found a large runed translucent door.
  3277 | D:8      | Found a large runed translucent door.
  3483 | D:9      | Noticed a two-headed ogre
  3501 | D:9      | Killed a two-headed ogre
  3502 | D:9      | Reached skill level 9 in Unarmed Combat
  3659 | D:9      | Noticed a two-headed ogre
  3667 | D:9      | Killed a two-headed ogre
  3852 | D:9      | Noticed a two-headed ogre
  3874 | D:9      | Killed a two-headed ogre
  3875 | D:9      | Reached skill level 10 in Unarmed Combat
  3875 | D:9      | Reached XP level 11. HP: 43/95 MP: 12/12
  3993 | D:10     | Entered Level 10 of the Dungeon
  4102 | D:10     | Found a staircase to the Lair.
  4116 | D:10     | Reached skill level 10 in Shapeshifting
  4206 | D:10     | Gained mutation: You cannot study or use magical devices.
                  | [Ru sacrifice]
  4206 | D:10     | Reached ** piety under Ru
  4206 | D:10     | Reached *** piety under Ru
  4206 | D:10     | Reached **** piety under Ru
  4340 | D:10     | Reached skill level 11 in Unarmed Combat
  4510 | D:10     | Noticed Sonja
  4526 | D:10     | Killed Sonja
  4527 | D:10     | Reached skill level 10 in Dodging
  4527 | D:10     | Reached XP level 12. HP: 78/95 MP: 13/13
  4576 | D:15     | Identified the "Farete"
  4576 | Lair:1   | Entered Level 1 of the Lair of Beasts
  4649 | Lair:1   | Reached skill level 10 in Fighting
  4797 | Lair:1   | Reached skill level 12 in Unarmed Combat
  4895 | Lair:1   | Noticed Joseph
  4907 | Lair:1   | Killed Joseph
  4913 | Lair:1   | Identified the +5 war axe of Moyzenud {chaos, rElec}
  4977 | Lair:1   | Reached XP level 13. HP: 112/115 MP: 14/14
  5122 | Lair:1   | Glimpsed the power of Zot.
  5127 | Gauntlet | Identified the "Tintez"
  5127 | Gauntlet | Identified the of Sylonoipn
  5127 | Lair:2   | Found a staircase to the Snake Pit.
  5188 | Lair:2   | Found a gate leading to a gauntlet.
  5198 | Gauntlet | Entered a Gauntlet
  5198 | Gauntlet | Found a transporter.
  5201 | Gauntlet | Found a transporter.
  5210 | Gauntlet | Found a transporter.
  5210 | Gauntlet | Found a transporter.
  5214 | Gauntlet | Found a transporter.
  5233 | Gauntlet | Noticed an entropy weaver
  5235 | Gauntlet | Noticed a catoblepas
  5240 | Gauntlet | Found a transporter.
  5261 | Gauntlet | Killed a catoblepas
  5263 | Gauntlet | Found a transporter.
  5287 | Gauntlet | Found a transporter.
  5307 | Gauntlet | Noticed a six-headed hydra
  5314 | Gauntlet | Reached skill level 13 in Unarmed Combat
  5333 | Gauntlet | Identified the ring "Tenose" {rF+ Dex+4}
  5341 | Gauntlet | Found a transporter.
  5343 | Gauntlet | Noticed a minotaur
  5356 | Gauntlet | Killed a minotaur
  5365 | Gauntlet | Identified the +1 robe of Pucefaph {Will+ Regen+}
  5381 | Gauntlet | Identified the +3 kite shield of the Quahog {rN++}
  5455 | Lair:2   | Noticed a six-headed hydra
  5464 | Lair:2   | Killed a six-headed hydra
  5794 | Lair:3   | Noticed a five-headed hydra
  5803 | Lair:3   | Killed a five-headed hydra
  5806 | Lair:3   | Gained mutation: You cannot be stealthy. [Ru sacrifice]
  5834 | Lair:5   | Identified the "Evudouph"
  5834 | Lair:5   | Entered Level 5 of the Lair of Beasts
  5952 | Lair:5   | Noticed a death yak
  5953 | Lair:5   | Noticed a death yak
  5954 | Lair:5   | Noticed a death yak
  5976 | Lair:5   | Killed a death yak
  5977 | Lair:5   | Reached XP level 14. HP: 126/126 MP: 6/15
  6141 | Lair:5   | Reached skill level 14 in Unarmed Combat
  6208 | Lair:5   | Noticed Josephine
  6249 | Lair:5   | Killed Josephine
  6574 | Lair:5   | Found a viscous altar of Jiyva.
  6574 | Lair:5   | Found a staircase to the Slime Pits.
  7021 | Lair:5   | HP: 5/126 [death yak (9)]
  7025 | Lair:5   | Slain by a death yak

Illustrated notes

Levels and vault maps discovered:
D:1:      ebering_trefoil_twist, layout_basic, minivault_14,
          serial_park_tiny_pond, minmay_circled_x
D:2:      layout_loops_ring, serial_shops, nicolae_shop_statue_plus,
          kennysheep_small_spiral
D:3:      layout_loops_ring, mainiacjoe_overflow_brackets, fedhas_altar_4,
          lemuel_doored_altar
D:4:      layout_basic, worldfamousw_hep_ancestral_shrine, serial_shops,
          nicolae_stop_n_shop_2
D:5:      layout_cave_pods, trog_ov_bears_minmay,
          yredelemnul_forgotten_temple_becter
D:6:      layout_basic, grunt_dithmenos_smoke, mainiacjoe_overflow_alcove_1,
          mainiacjoe_overflow_boulevard, enter_ossuary_5, roderic_roman_lattice,
          chequers_serial_rivers_micro_e, hangedman_decor_riveting
D:7:      minmay_blocky_corners, layout_layer_cave,
          minmay_temple_entry_purple_smoke
D:8:      layout_rooms, jmf_multi_god_temple2
D:9:      minmay_spotlight, layout_loops_cross, nicolae_qazlal_eye_of_the_storm,
          zin_academy, serial_co_window_serial, co_window_paths_a,
          co_window_paths_b, co_window_corner_a, co_window_paths_a,
          co_window_paths_a, co_window_unsneaky_path_d, co_window_paths_c,
          co_window_corner_ca, co_window_corner_b, co_window_unsneaky_path_c,
          co_window_2corner, glass_columns_a, glass_columns_c, glass_columns_c,
          glass_columns_a
D:10:     layout_loops_ring, minmay_lair_entry_grove, uniq_sonja
Lair:1:   layout_cave_shapes, infiniplex_staircase_pool_2, uniq_joseph
Lair:2:   layout_regular_city, minmay_swamp_entry_swarm, dummy_snake_entry,
          gauntlet_entry_generic, grunt_megastairs_5
Lair:3:   nzn_winding_woodlands_huge [nzn_winding_woodlands_5x15_default,
          nzn_winding_woodlands_5x15_parted,
          nzn_winding_woodlands_5x15_sidewinder,
          nzn_winding_woodlands_5x15_split_checker,
          nzn_winding_woodlands_5x15_concentric,
          nzn_winding_woodlands_5x15_longhouse, nzn_winding_woodlands_5x15_eye,
          nzn_winding_woodlands_5x15_pool,
          nzn_winding_woodlands_5x15_river_crossing,
          nzn_winding_woodlands_5x15_jagged,
          nzn_winding_woodlands_center_triple_pond,
          nzn_winding_woodlands_center_diamonds,
          nzn_winding_woodlands_15x15_boxy_spiral], layout_layer_cave,
          minmay_hedge_maze, uniq_amaemon
Lair:4:   layout_misc_corridors, cheibrodos_lair_reptile_den
Lair:5:   grunt_lair_end_beastmaster, layout_regular_city,
          dpeg_slime_entry_enclosed, uniq_josephine

Skill      XL: |  1  2  3  4  5  6  7  8  9 10 11 12 13 14 |
---------------+-------------------------------------------+-----
Unarmed Combat | 4 5 6 8 10 11 12 13 14 | 14.7
Shapeshifting  | 4 5 6 7 9 10 11 12 13 | 13.6
Fighting       | 2 3 4 5 6 8 9 10 12 13 | 13.1
Dodging        | 3 4 5 7 8 10 11 12 13 | 13.3

Action                     |  1- 3 |  4- 6 |  7- 9 | 10-12 | 13-15 || total
---------------------------+-------+-------+-------+-------+-------++-------
  Melee: Unarmed           |    66 |    26 |   230 |   489 |   456 ||  1267
         Punch             |     4 |     1 |    12 |       |       ||    17
  Throw: Dart              |       |     1 |     4 |       |       ||     5
 Invoke: Sacrifice Purity  |       |       |     1 |       |       ||     1
         Sacrifice Durabil |       |       |     1 |       |       ||     1
         Sacrifice Artific |       |       |       |     1 |       ||     1
         Draw Out Power    |       |       |       |     1 |     1 ||     2
         Power Leap        |       |       |       |       |     2 ||     2
         Sacrifice Stealth |       |       |       |       |     1 ||     1
  Evoke: Wand              |       |     9 |     1 |       |       ||    10
         Sack of spiders   |       |       |       |     1 |       ||     1
    Use: Potion            |       |     1 |       |       |     3 ||     4
         Scroll            |       |       |    13 |       |    10 ||    23
   Stab: Distracted        |       |       |       |     1 |     2 ||     3
         Invisible         |       |       |       |       |     8 ||     8
         Petrified         |       |       |       |       |     8 ||     8
         Petrifying        |       |       |       |       |     1 ||     1
 Armour: Animal skin       |    14 |       |       |       |       ||    14
         Ring mail         |    19 |    19 |    50 |       |       ||    88
         Skin              |       |     6 |       |       |       ||     6
         Chain mail        |       |       |   135 |   313 |   295 ||   743
  Dodge: Dodged            |    37 |    12 |   115 |   239 |   239 ||   642
   Form: Flux              |       |       |     1 |       |       ||     1

Table legend: (Time is in decaauts)
 A = Elapsed time spent in this place.
 B = Non-inter-level travel time spent in this place.
 C = Inter-level travel time spent in this place.
 D = Time resting spent in this place.
 E = Time spent auto-exploring this place.
 F = Levels seen in this place.
 G = Mean time per level.
                   A        B        C        D        E       F      G
               +--------+--------+--------+--------+--------+-----+--------+
         Total |   6782 |   6564 |    218 |    141 |   3952 |  17 |  398.9 |
       Dungeon |   4345 |   4152 |    193 |    125 |   2815 |  10 |  434.5 |
          Lair |   2101 |   2076 |     25 |     16 |   1133 |   5 |  420.2 |
       Ossuary |    142 |    142 |      0 |      0 |      4 |   1 |  142.0 |
      Gauntlet |    192 |    192 |      0 |      0 |      0 |   1 |  192.0 |
               +--------+--------+--------+--------+--------+-----+--------+

Top non-repeatable levels by time:
  Lair:5: 1111 daAuts
     D:4: 773 daAuts
     D:7: 628 daAuts
    D:10: 560 daAuts
  Lair:1: 504 daAuts
     D:9: 498 daAuts
     D:5: 496 daAuts
     D:6: 449 daAuts
     D:8: 371 daAuts
     D:3: 341 daAuts
  Lair:3: 329 daAuts
     D:2: 216 daAuts
Gauntlet: 192 daAuts
 Ossuary: 142 daAuts
  Lair:2: 131 daAuts
